 Dungeon Crawl Stone Soup version 0.29.1-12-g30fa7ad0bf (webtiles) character file.

Game seed: 14165433795774257983

1642 wormed the Ruffian (level 8, -1/78 HPs)
             Began as a Troll Gladiator on Dec 21, 2022.
             Slain by an adder (2 damage)
             ... on level 5 of the Dungeon.
             The game lasted 00:08:05 (3605 turns).

wormed the Ruffian (Troll Gladiator)                Turns: 3605, Time: 00:08:06

Health: -1/78      AC:  4    Str: 23    XL:     8   Next: 67%
Magic:  7/7        EV: 11    Int:  4    God:
Gold:   126        SH:  0    Dex: 13    Spells: 7/7 levels left

rFire   . . .      SeeInvis .     - Unarmed
rCold   . . .      Faith    .   (no shield)
rNeg    . . .      Spirit   .   a - +0 robe
rPois   .          Reflect  .   b - +0 hat
rElec   .          Harm     .   (no cloak)
rCorr   .          Rampage  .   (gloves unavailable)
Will    .....                   (boots unavailable)
Stlth   +.........              (no amulet)
HPRegen 1.03/turn               (no ring)
MPRegen 0.10/turn               (no ring)

@: lethally poisoned (-1 -> -1), slowed, very slow
A: large, unfitting armour, claws 3, regeneration 1, shaggy fur 1, tough skin 1
a: no special abilities


You were on level 5 of the Dungeon.
You visited 2 branches of the dungeon, and saw 6 of its levels.
You also visited: Sewer.

You collected 174 gold pieces.
You spent 48 gold pieces at shops.

Inventory:

Missiles
 c - 3 throwing nets
 d - a large rock (quivered)
Armour
 a - a +0 robe (worn)
 b - a +0 hat (worn)
Jewellery
 h - a ring of magical power
 o - a ring of magical power
Wands
 y - a wand of flame (7)
 C - a wand of polymorph (10)
Scrolls
 e - a scroll of enchant armour {unknown}
 g - a scroll of torment {unknown}
 j - 2 scrolls of enchant weapon {unknown}
 k - a scroll of noise {unknown}
 m - a scroll of acquirement {unknown}
 q - a scroll of butterflies {unknown}
 s - a scroll of identify
 t - 4 scrolls of magic mapping {unknown}
 v - a scroll of immolation {unknown}
 w - a scroll of teleportation {unknown}
 x - 2 scrolls of amnesia {unknown}
 D - a scroll of poison {unknown}
 F - a scroll of brand weapon {unknown}
Potions
 f - 2 potions of berserk rage
 i - 2 potions of curing
 l - 2 potions of cancellation {unknown}
 n - 2 potions of magic {unknown}
 p - 2 potions of invisibility {unknown}
 r - a potion of flight {unknown}
 u - a potion of brilliance {unknown}
 z - 3 potions of mutation {unknown}
 A - 2 potions of haste {unknown}
 B - 2 potions of resistance {unknown}
 E - 2 potions of heal wounds {unknown}


   Skills:
 + Level 3.9 Fighting
 + Level 4.5 Throwing
 + Level 4.3 Dodging
 + Level 4.0 Shields
 * Level 7.0 Unarmed Combat


You had 7 spell levels left.
You didn't know any spells.
Your spell library contained the following spells:

 Spells                   Type           Power      Damage    Failure   Level
 Ozocubu's Armour         Ice            0%         N/A       86%         3
 Ozocubu's Refrigeration  Ice            0%         4d7       100%        7


Dungeon Overview and Level Annotations

Branches:
Dungeon (5/15)             Temple (1/1) D:5           Sewer (visited)

Altars:
Ashenzari
Dithmenos
Elyvilon
Fedhas
Gozag
Hepliaklqana
Kikubaaqudgha
Nemelex Xobeh
Qazlal
Ru
Trog
Vehumet
Wu Jian
Xom
Yredelemnul
Zin

Shops:
D:1 (   D:2 ?   D:4 [


Innate Abilities, Weirdness & Mutations

You are too large for most types of armour.
You have claws for hands.
Your natural rate of healing is unusually fast.
You are covered in fur. (AC +1)
You have tough skin. (AC +1)


Message History

You feel yourself speed up.
The hornet stings you but does no damage.
The hornet completely misses you.
You closely miss the hornet.
The hornet is lightly wounded.
The hornet misses you. The adder closely misses you.
You barely miss the hornet.
The hornet is lightly wounded.
The hornet stings you!
You suddenly lose the ability to move!
The adder bites you but does no damage. The hornet stings you!
You are poisoned.
You shrug off the repeated paralysis!
The adder bites you but does no damage.
The hornet stings you but does no damage.
You feel sick. The adder bites you but does no damage. The hornet stings you.
You feel yourself slow down. The adder bites you but does no damage.
You feel sick. The hornet stings you.
You feel as though you will be slow longer.
The adder bites you.
You are more poisoned.
The adder poisons you! The hornet stings you!
* * * LOW HITPOINT WARNING * * *
You feel as though you will be slow longer.
You can move again.
You scratch the hornet but do no damage.
The hornet is lightly wounded.
You feel very sick.
The hornet stings you but does no damage.
The adder closely misses you.
The hornet stings you but does no damage.
You barely miss the adder.
You feel sick. The adder barely misses you. The hornet barely misses you.
The adder closely misses you.
The hornet stings you but does no damage.
You scratch the adder.
The adder is moderately wounded.
You feel sick. The adder closely misses you. The hornet stings you!
* * * LOW HITPOINT WARNING * * *
You feel as though you will be slow longer.
The adder bites you.
You die...

##.........# #...).
#.....P.(.P#####....#
#.....>.##....##...##
#.....#######.##.##
#..........#.....#
#.............####
#..........##.[.#
####.......####..#
#@#.....# #....
......yS####### ###.
........# ........#
........# .........
........# ........#


You could see a hornet and an adder.

Vanquished Creatures
  Sigmund (D:5)
  Menkaure (D:5)
  A water moccasin (D:5)
  A black bear (D:5)
  2 phantoms (D:5)
  2 kobold brigands (Sewer)
  A bullfrog (D:5)
  3 necrophages (D:4)
  A scorpion (D:5)
  2 wights (D:4)
  A howler monkey (D:4)
  A hound (D:5)
  A jelly (D:4)
  A human zombie (D:4)
  An iguana (D:5)
  3 scorpion zombies (D:4)
  5 gnolls
  8 adders
  A white imp (D:5)
  An adder zombie (D:4)
  A worm (D:3)
  7 dart slugs
  6 orcs
  8 bats
  6 endoplasms
  4 giant cockroaches
  3 hobgoblins
  3 quokkas
  10 ball pythons
  6 frilled lizards
  8 goblins
  A jackal zombie (D:4)
  25 kobolds
  A quokka zombie (D:4)
  4 rats
131 creatures vanquished.

Vanquished Creatures (others)
  A plant (Sewer)
1 creature vanquished.

Grand Total: 132 creatures vanquished

Notes
Turn   | Place    | Note
-------+----------+-------------------------------------------
     0 | D:1      | wormed the Troll Gladiator began the quest for the Orb.
     0 | D:1      | Reached XP level 1. HP: 19/19 MP: 0/0
   182 | D:1      | Reached XP level 2. HP: 27/28 MP: 1/1
   275 | D:1      | Found Wostol's Weapon Shoppe.
   741 | D:2      | Reached XP level 3. HP: 33/35 MP: 2/2
   773 | D:2      | Found Lewe's Magic Scroll Emporium.
   777 | D:2      | Reached skill level 1 in Shields
   803 | D:2      | Bought a scroll of identify for 24 gold pieces
   803 | D:2      | Bought a scroll of identify for 24 gold pieces
   859 | D:2      | Identified the +5 leather armour of the Constellations
                  | {rElec rCorr Dex+5}
   999 | D:2      | Reached XP level 4. HP: 33/42 MP: 3/3
  1620 | D:3      | Reached skill level 4 in Unarmed Combat
  1889 | D:3      | Found a faded altar of an unknown god.
  1923 | D:4      | Reached XP level 5. HP: 48/49 MP: 4/4
  1979 | D:4      | Found Haillix's Armour Emporium.
  2210 | D:4      | Found a glowing drain.
  2251 | D:4      | Found an ornate altar of the Wu Jian Council.
  2251 | D:4      | Found a blossoming altar of Fedhas.
  2287 | Sewer    | Entered a sewer
  2456 | Sewer    | Reached XP level 6. HP: 36/59 MP: 5/5
  2884 | D:4      | Reached skill level 5 in Unarmed Combat
  2890 | D:4      | Reached XP level 7. HP: 66/66 MP: 6/6
  2925 | D:4      | Found a basalt altar of Yredelemnul.
  3099 | D:5      | Entered Level 5 of the Dungeon
  3146 | D:5      | Noticed Sigmund
  3153 | D:5      | Killed Sigmund
  3154 | D:5      | Reached skill level 6 in Unarmed Combat
  3154 | D:5      | Reached XP level 8. HP: 70/75 MP: 7/7
  3331 | D:5      | Found a glowing silver altar of Zin.
  3426 | D:5      | Noticed Menkaure
  3433 | D:5      | Killed Menkaure
  3505 | D:5      | Found a sparkling altar of Nemelex Xobeh.
  3528 | D:5      | Found a staircase to the Ecumenical Temple.
  3548 | Temple   | Entered the Ecumenical Temple
  3580 | D:5      | Noticed a hornet
  3587 | D:5      | Reached skill level 7 in Unarmed Combat
  3599 | D:5      | Paralysed by a hornet for 3 turns
  3605 | D:5      | HP: 1/78 [hornet (12)]
  3605 | D:5      | Slain by an adder

Illustrated notes

Levels and vault maps discovered:
D:1:      psy_arrival_conway, layout_basic, serial_shops,
          nicolae_shop_window_shopping, minmay_pentomino_x2
D:2:      layout_basic, serial_shops, shop, st_stairs_1
D:3:      layout_rooms, dilly_ecumenical_altar_fadedgnrine, minmay_box_of_dots
D:4:      layout_loops_ring, gammafunk_temple_overflow_wave,
          lemuel_mausoleum_altar_yredelemnul, portal_sewer_entry_d,
          serial_shops, shop, kennysheep_nub, hangedman_abyss_or_decor_stagger
D:5:      layout_rooms, overflow_temple_1_default, nemelex_spade_bored_becter,
          minmay_temple_entry_overgrown, uniq_menkaure, uniq_sigmund
Temple:   minmay_freezing_vapour_temple

Skill      XL: |  1  2  3  4  5  6  7  8 |
---------------+-------------------------+-----
Throwing       | 2 3 4 |  4.5
Shields        | 1 2 3 4 |  4.0
Fighting       | 2 3 |  3.9
Unarmed Combat | 4 5 6 7 |  7.0
Dodging        | 3 4 |  4.3

Action                   |  1- 3 |  4- 6 |  7- 9 || total
-------------------------+-------+-------+-------++-------
Melee: Unarmed           |    98 |   166 |   128 ||   392
       Punch             |     1 |     5 |     3 ||     9
  Use: Scroll            |     2 |       |       ||     2
 Stab: Sleeping          |     1 |       |     5 ||     6
       Distracted        |       |     1 |       ||     1
Armor: Robe              |    36 |    56 |    34 ||   126
Dodge: Dodged            |    45 |    87 |    60 ||   192
